 Dungeon Crawl Stone Soup version 0.26.1-2-gb8aa6d0 (webtiles) character file.

Game seed: 15974657836702116266

496 Nithhogg the Sneak (level 7, -1/49 HPs)
             Began as an Octopode Monk on Mar 29, 2021.
             Slain by an ice beast (3 damage)
             ... on level 5 of the Dungeon.
             The game lasted 00:06:12 (4567 turns).

Nithhogg the Sneak (Octopode Monk)                  Turns: 4567, Time: 00:06:13

Health: -1/49      AC:  1    Str: 11    XL:     7   Next: 15%
Magic:  7/7        EV: 16    Int: 12    God:
Gold:   159        SH:  0    Dex: 16    Spells: 6/6 levels left

rFire    . . .     SeeInvis .     - Unarmed
rCold    + . .     Faith    .   (no shield)
rNeg     . . .     Spirit   .   (helmet restricted)
rPois    .         Reflect  .   (no amulet)
rElec    .         Harm     .   b - ring of protection from cold
rCorr    .         Rampage  .   (no ring)
Will     .....                  (no ring)
Stlth    ++++......             (no ring)
HPRegen  0.16/turn              (no ring)
MPRegen  0.10/turn              (no ring)
                                (no ring)
                                (no ring)

@: no status effects
A: almost no armour, stealthy swim, amphibious, 8 rings, constrict 8, camouflage
1, gelatinous body 1
a: no special abilities


You were on level 5 of the Dungeon.
You visited 1 branch of the dungeon, and saw 5 of its levels.

You collected 159 gold pieces.

Inventory:

Jewellery
 b - a ring of protection from cold (left tentacle)
 g - a cursed amulet of inaccuracy {unknown}
 m - an uncursed ring of protection from cold
Wands
 h - a wand of disintegration (11)
Scrolls
 c - 6 scrolls of identify
 f - a scroll of fear
 j - 2 scrolls of remove curse
 o - a scroll of blinking
Potions
 a - a potion of heal wounds {unknown}
 d - a potion of brilliance {unknown}
 e - a potion of berserk rage {unknown}
 i - a potion of magic


   Skills:
 + Level 4.7 Fighting
 + Level 4.6 Dodging
 + Level 5.8 Stealth
 + Level 4.6 Unarmed Combat


You had 6 spell levels left.
You didn't know any spells.
Your spell library was empty.

Dungeon Overview and Level Annotations

Branches:
Dungeon (5/15)
 Temple: D:4-7

Altars:
Dithmenos
Fedhas
Gozag
Kikubaaqudgha
Okawaru
Uskayaw


Innate Abilities, Weirdness & Mutations

You cannot wear most types of armour.
You are very stealthy in the water. (Stealth+)
You are amphibious.
You can wear up to eight rings at the same time.
You can use your tentacles to constrict eight enemies at once.
Your skin changes colour to match your surroundings (Stealth+).
Your rubbery body absorbs attacks. (AC +1, EV +1)


Message History

You barely miss the ice beast.
The ice beast is severely wounded.
The quokka completely misses you. The ice beast completely misses you.
The quokka misses you.
You tentacle-slap the ice beast but do no damage.
Your squeeze misses the ice beast.
The ice beast is severely wounded.
The ice beast closely misses you.
You closely miss the ice beast.
The ice beast is severely wounded.
The quokka misses you. The ice beast hits you.
* * * LOW HITPOINT WARNING * * *
The ice beast freezes you. You resist.
* * * LOW HITPOINT WARNING * * *
You tentacle-slap the ice beast but do no damage.
The ice beast is severely wounded.
The quokka misses you. The ice beast hits you.
* * * LOW HITPOINT WARNING * * *
The ice beast freezes you. You resist.
You die...

.....................#+#
......#....###.........#
......#....'...........#
...........#....(#.†...#
...........#...........#
#<.........#...........###
#..........+....(........#
#..........#....rY.....#.#
#.......####....@##....# #
#.......# #.....##....# #
#.......# #.....##....#.#
####.............####....#
.............# #..†......
........# #.........
........# #.........
........# #.........
#.........


You could see an ice beast and a quokka.

Vanquished Creatures
  The ghost of JeffreyEpstein the Stinger, an amateur OpVM (D:3)
  An ogre (D:4)
  A hound (D:4)
  A jelly (D:5)
  A centaur skeleton (D:4)
  A worker ant (D:4)
  6 adders
  An ooze (D:2)
  An adder zombie (D:5)
  A worm (D:3)
  A dart slug (D:4)
  3 leopard geckos
  4 orcs
  3 bats
  2 giant cockroaches (D:1)
  8 goblins
  8 hobgoblins
  7 jackals
  2 ball pythons
  8 frilled lizards
  10 kobolds
  A leopard gecko skeleton (D:4)
  5 rats
77 creatures vanquished.

Vanquished Creatures (others)
  A human (D:4)
  2 plants (D:2)
  2 withered plants (D:3)
5 creatures vanquished.

Grand Total: 82 creatures vanquished

Notes
Turn   | Place    | Note
-------+----------+-------------------------------------------
     0 | D:1      | Nithhogg the Octopode Monk began the quest for the Orb.
     0 | D:1      | Reached XP level 1. HP: 16/16 MP: 1/1
   348 | D:1      | Reached skill level 3 in Stealth
   348 | D:1      | Reached XP level 2. HP: 21/21 MP: 2/2
   986 | D:2      | Reached XP level 3. HP: 26/26 MP: 3/3
  1157 | D:2      | Found a shadowy altar of Dithmenos.
  1601 | D:2      | Reached XP level 4. HP: 22/31 MP: 4/4
  1710 | D:2      | Reached skill level 4 in Stealth
  1994 | D:3      | You fall into a shaft and drop 1 floor!
  2001 | D:4      | Found an ancient bone altar of Kikubaaqudgha.
  2002 | D:4      | Noticed a human
  2004 | D:4      | Killed a human
  2280 | D:3      | Found a runed translucent door.
  2280 | D:3      | Noticed JeffreyEpstein's ghost (amateur OpVM)
  2420 | D:3      | Found a hide-covered altar of Uskayaw.
  2420 | D:3      | Found a blossoming altar of Fedhas.
  2420 | D:3      | Found an iron altar of Okawaru.
  3081 | D:3      | Killed JeffreyEpstein's ghost
  3082 | D:3      | Reached skill level 5 in Stealth
  3082 | D:3      | Reached XP level 5. HP: 12/37 MP: 5/5
  3082 | D:3      | Reached XP level 6. HP: 14/43 MP: 6/6
  3765 | D:4      | Found an opulent altar of Gozag.
  3985 | D:4      | Reached XP level 7. HP: 27/49 MP: 7/7
  4294 | D:5      | Entered Level 5 of the Dungeon
  4567 | D:5      | HP: 2/49 [ice beast (4)]
  4567 | D:5      | Slain by an ice beast

Illustrated notes

Levels and vault maps discovered:
D:1:      evilmike_arrival_fibonacci_small, layout_loops_ring,
          minmay_pentomino_z2
D:2:      cheibrodos_old_hovel, layout_basic, grunt_dithmenos_smoke_and_mirrors,
          grunt_ministairs_13
D:3:      layout_loops_corners, gammafunk_temple_overflow_forgotten,
          gammafunk_ghost_grave
D:4:      layout_cave_pods, nicolae_gozag_cash_rules_everything_around_me,
          hangedman_decor_growths, tgw_kikubaaqudgha
D:5:      layout_basic, led_sif_book, serial_shops, shop, basic_altar,
          kennysheep_generic_room_4

Skill      XL: |  1  2  3  4 |
---------------+-------------+-----
Stealth        | 3 5 |  5.8
Fighting       | 4 |  4.7
Dodging        | 4 |  4.6
Unarmed Combat | 4 |  4.6

Action                   |  1- 3 |  4- 6 |  7- 9 || total
-------------------------+-------+-------+-------++-------
Melee: Unarmed           |    74 |    92 |    29 ||   195
       Constrict         |    22 |    20 |     2 ||    44
       Tentacles         |    16 |    22 |     4 ||    42
       Punch             |     1 |     5 |     1 ||     7
  Use: Scroll            |     2 |       |     8 ||    10
       Potion            |     1 |     1 |     1 ||     3
 Stab: Sleeping          |     9 |    12 |     4 ||    25
       Distracted        |       |     1 |       ||     1
Armor: Skin              |     3 |     8 |       ||    11
Dodge: Dodged            |    39 |    66 |    22 ||   127
